 Dungeon Crawl Stone Soup version 0.17-a0-2101-g0c122e7 (webtiles) character file.

34113 McCoppin the Unseen (level 13, -3/108 HPs)
             Began as a Vampire Gladiator on Oct 18, 2015.
             Was a High Priest of Okawaru.
             Slain by an enchanted long sword (18 damage)
             ... on level 13 of the Dungeon on Oct 19, 2015.
             The game lasted 01:43:16 (22477 turns).

McCoppin the Unseen (Vampire Gladiator)            Turns: 22477, Time: 01:43:16

Health: -3/108     AC: 18    Str: 18    XL:     13   Next: 40%
Magic:  0/13       EV: 13    Int: 14    God:    Okawaru [*****.]
Gold:   897        SH:  0    Dex: 16    Spells: 0 memorised, 12 levels left

rFire  + . .     SeeInvis +     f - +2 whip (distort)
rCold  + . .     Clarity  .     N - +3 leather armour {rF+}
rNeg   . . .     SustAt   .     (no shield)
rPois  .         Gourm    .     c - +2 hat
rElec  .         Spirit   +     m - +0 cloak of Kirirog {+Fly rC+ Int+4}
rCorr  .         Warding  .     (no gloves)
rMut   .         Stasis   .     R - +1 pair of boots {Fly}
MR     +....                    i - amulet of guardian spirit
Stlth  +++++++...               (no ring)
                                B - +4 ring of protection

@: about to teleport, regenerating quickly, somewhat resistant to hostile
enchantments, extremely stealthy
A: fangs 3, talons 1, yellow scales 1, see invisible, mutation resistance 1,
spit poison 1, unbreathing, MP-powered wands
a: Spit Poison, Heroism, Finesse, Renounce Religion, Evoke Flight


You were on level 13 of the Dungeon.
You worshipped Okawaru.
Okawaru was extremely pleased with you.
You were very full.

You visited 3 branches of the dungeon, and saw 20 of its levels.
You also visited: Ossuary, Bailey and Volcano.

You collected 897 gold pieces.

Inventory:

Hand Weapons
 a - a +0 war axe
 f - a +2 whip of distortion (weapon)
 Y - a +3 dire flail of flaming
Missiles
 d - 5 throwing nets (quivered)
Armour
 c - a +2 hat (worn)
 m - the +0 cloak of Kirirog (worn) {+Fly rC+ Int+4}
   (Okawaru gifted it to you on level 4 of the Lair of Beasts)

   It affects your intelligence (+4).
   It protects you from cold.
   It lets you fly.
 q - a +0 chain mail of fire resistance
 N - a +3 leather armour of fire resistance (worn)
 R - a +1 pair of boots of flying (worn)
Jewellery
 i - an amulet of guardian spirit (around neck)
 B - a +4 ring of protection (left hand)
 U - an uncursed ring of protection from magic
 W - an uncursed amulet of resist corrosion
Wands
 l - a wand of fire (7)
 O - a wand of digging (14)
 S - a wand of digging (5)
Scrolls
 b - a scroll of vulnerability
 h - 10 scrolls of remove curse
 j - 4 scrolls of teleportation
 k - 4 scrolls of noise
 t - 6 scrolls of enchant weapon
 w - 2 scrolls of magic mapping
 x - 2 scrolls of recharging
 y - a scroll of enchant armour
 A - a scroll of fog {unknown}
 F - 2 scrolls of immolation
 H - a scroll of summoning
 J - 3 scrolls of amnesia
 Q - a scroll of silence {unknown}
 Z - 2 scrolls of identify
Potions
 e - 4 potions of lignification
 g - a potion of cure mutation
 o - a potion of experience {unknown}
 p - 2 potions of heal wounds
 s - 3 potions of flight {unknown}
 u - 11 potions of blood
 v - 2 potions of might
 z - 2 potions of magic
 C - 2 potions of haste
 D - 3 potions of resistance
 E - a potion of beneficial mutation
 K - 2 potions of invisibility
 L - a potion of ambrosia {unknown}
 M - a potion of brilliance
 X - 2 potions of berserk rage
Books
 P - a Fen Folio

   Spells                             Type                      Level
   a - Corpse Rot                     Necromancy                   2
   b - Stone Arrow                    Conjuration/Earth            3
   c - Leda's Liquefaction            Hexes/Earth                  4
   d - Summon Forest                  Summoning/Translocation      5
   e - Hydra Form                     Transmutation                6
   f - Summon Hydra                   Summoning                    7
 T - a book of Unlife

   Spells                             Type                      Level
   a - Recall                         Summoning/Translocation      3
   b - Animate Dead                   Necromancy                   4
   c - Control Undead                 Necromancy                   4
   d - Cigotuvi's Embrace             Necromancy                   5
   e - Death Channel                  Necromancy                   6
   f - Simulacrum                     Ice/Necromancy               6
 V - a book of Changes

   Spells                             Type                      Level
   a - Beastly Appendage              Transmutation                1
   b - Sticks to Snakes               Transmutation                2
   c - Spider Form                    Transmutation/Poison         3
   d - Ice Form                       Ice/Transmutation            4
   e - Blade Hands                    Transmutation                5


   Skills:
 - Level 12.0 Fighting
 + Level 11.9 Axes
 - Level 1.5 Throwing
 - Level 7.9 Armour
 - Level 3.2 Dodging
 - Level 16.0 Stealth


You had 12 spell levels left.
You didn't know any spells.

Dungeon Overview and Level Annotations

Branches:
Dungeon (13/15)            Temple (0/1) D:6            Lair (6/8) D:10
  Swamp (0/4) Lair:4        Snake (0/4) Lair:6        Slime (0/6) Lair:6
    Orc (1/4) D:11         Vaults (0/5) D:13

Altars:
Dithmenos
Fedhas
Kikubaaqudgha
Makhleb
Nemelex Xobeh
Okawaru
Sif Muna
The Shining One
Jiyva

Shops:
D:5 (   D:8 :   D:10 *   D:12 (

Annotations:
D:4 septik's ghost, amateur OpFi
D:6 Blork the orc
D:13 exclusion: statue
Lair:6 Kirke; Snorg
Abyss:1 Edmund; Grinder; Josephine; Menkaure; Psyche


Innate Abilities, Weirdness & Mutations

Your natural rate of healing is unusually fast.
You have razor-sharp teeth.
You have supernaturally acute eyesight.
You can survive without breathing.
You have sharp toenails.
You are partially covered in yellow scales (AC +2).
You are somewhat resistant to further mutation.
You can spit weak poison.
You expend magic power (3 MP) to strengthen your wands.


Message History

The enchanted long sword is severely damaged.
The enchanted long sword hits you!! The enchanted long sword hits you!
You hit the enchanted long sword but do no damage.
Space bends around the enchanted long sword.
Your bite misses the enchanted long sword.
The enchanted long sword is severely damaged.
The enchanted long sword hits you! x2
You are too injured to fight recklessly!
You are too injured to fight recklessly!
You miss the enchanted long sword.
The enchanted long sword is severely damaged.
The enchanted long sword hits you!
* * * LOW HITPOINT WARNING * * *
The enchanted long sword hits you but does no damage.
Read which item? (? for menu, Esc to quit)
As you read the scroll of teleportation, it crumbles to dust.
You feel strangely unstable. The enchanted long sword hits you!
* * * LOW HITPOINT WARNING * * *
The enchanted long sword hits you!!
You die...

#........#
#........#
###########.#####..#
...................#
...................#
...$...............#
...........#.#.....#
#####.....#####....#
#......(@(.....#
#.....#####....#
#...... .....#
#....... .....#
#........ ....#
#.####.## #. .# #


You could see 2 dancing weapons.

Vanquished Creatures
  2 hydras
  Erolcha (D:10)
  A death yak (Lair:6)
  A hill giant (D:11)
  An elephant (D:10)
  2 black mambas
  A guardian serpent (D:9)
  7 spiny frogs
  3 fire drakes
  3 komodo dragons
  An efreet (Volcano)
  A troll (D:10)
  A polar bear (Lair:5)
  A trapdoor spider zombie (D:11)
  14 blink frogs
  2 wraiths (Lair:4)
  Sigmund (D:6)
  A deep elf mage (D:12)
  3 wyverns
  19 yaks
  A hungry ghost (D:11)
  A shadow (D:12)
  3 hippogriffs
  Eustachio (D:6)
  2 basilisks (Lair:5)
  A fire elemental (Volcano)
  3 hogs (Lair:6)
  3 vampire mosquitoes (D:13)
  A deep elf fighter (D:8)
  7 wolves
  A warg (D:11)
  4 insubstantial wisps (Lair:4)
  A soldier ant (D:12)
  7 water moccasins
  9 porcupines
  A black bear (D:10)
  2 necrophages (D:7)
  A sky beast (D:8)
  2 ice beasts
  3 ogres
  16 crocodiles
  2 phantoms
  2 centaurs
  2 big kobolds
  10 giant frogs
  A water moccasin zombie (Ossuary)
  7 scorpions
  4 wights (D:11)
  6 bog bodies (Ossuary)
  4 crimson imps
  3 centaur zombies
  4 giant frog zombies
  6 hounds
  12 orc wizards
  5 iguanas
  2 jellies
  6 orc priests
  6 worker ants
  A killer bee zombie (D:8)
  14 sheep
  2 hound zombies (Ossuary)
  5 mummies (Ossuary)
  A worker ant zombie (Ossuary)
  4 gnolls
  5 adders
  32 river rats
  An ooze (D:4)
  7 adder zombies
  2 giant geckos (D:3)
  38 orcs
  3 bats
  8 hobgoblins
  9 jackals
  4 quokkas
  3 giant cockroaches
  3 giant gecko zombies (Ossuary)
  3 giant newts
  11 goblins
  13 kobolds
  A quokka skeleton (D:6)
  9 rats
  A fungus (Lair:6)
398 creatures vanquished.

Vanquished Creatures (others)
  A hydra (Lair:5)
  3 death yaks (Lair:6)
  The ghost of tp1 the Thaumaturge, a novice DECj of Vehumet (Lair:2)
  A black mamba (Lair:6)
  A gargoyle (Volcano)
  A centaur skeleton (D:13)
  2 spiny frogs
  A fire drake (Lair:4)
  A hippogriff (D:13)
  2 wraiths (Lair:4)
  11 yaks
  An insubstantial wisp (Lair:4)
  A wolf (Lair:4)
  2 water moccasins
  2 porcupines
  2 phantoms
  3 crocodiles
  3 giant frogs
  A bog body (Ossuary)
  An orc wizard (D:8)
  2 worker ants
  A sheep (Lair:5)
  2 hound zombies (Ossuary)
  2 mummies (Ossuary)
  A gnoll (D:6)
  2 worker ant zombies
  5 river rats
  A shadow imp (D:7)
  An adder zombie (Ossuary)
  A worm (D:2)
  A giant gecko (D:3)
  A kobold (D:3)
  A quokka (D:7)
  20 fungi
  11 plants
93 creatures vanquished.

Grand Total: 491 creatures vanquished

Notes
Turn   | Place    | Note
--------------------------------------------------------------
     0 | D:1      | McCoppin the Vampire Gladiator began the quest for the Orb.
     0 | D:1      | Reached XP level 1. HP: 16/16 MP: 1/1
   241 | D:1      | Reached XP level 2. HP: 22/22 MP: 2/2
  1191 | D:2      | Reached XP level 3. HP: 27/27 MP: 3/3
  1425 | D:3      | Reached skill level 4 in Axes
  1582 | D:3      | Noticed a phantom
  1714 | D:3      | Killed a phantom
  1714 | D:3      | Reached skill level 5 in Axes
  1714 | D:3      | Reached XP level 4. HP: 33/33 MP: 4/4
  1867 | D:3      | Reached XP level 5. HP: 36/38 MP: 3/5
  2233 | D:4      | Found a sand-covered staircase.
  2237 | Ossuary  | Entered an ossuary
  2310 | Ossuary  | Reached skill level 6 in Axes
  2325 | Ossuary  | Reached XP level 6. HP: 32/44 MP: 6/6
  2422 | Ossuary  | Gained mutation: You can spit weak poison. [potion of mutation]
  2422 | Ossuary  | Gained mutation: You are partially covered in yellow scales (AC +2). [potion of mutation]
  2422 | Ossuary  | Gained mutation: You expend magic power (3 MP) to strengthen your wands. [potion of mutation]
  2445 | Ossuary  | Reached skill level 7 in Axes
  2542 | Ossuary  | Reached XP level 7. HP: 37/49 MP: 7/7
  2755 | Ossuary  | Reached skill level 8 in Axes
  2852 | D:4      | Found a sparkling altar of Nemelex Xobeh.
  2939 | D:4      | Found a burning altar of Makhleb.
  2941 | D:4      | Noticed a blizzard demon
  3007 | D:4      | Noticed septik's ghost (amateur OpFi)
  3048 | D:4      | Noticed an orc warrior
  3447 | D:4      | Found a shadowy altar of Dithmenos.
  3677 | D:5      | Entered Level 5 of the Dungeon
  3677 | D:5      | Noticed Grinder
  3690 | D:5      | Paralysed by Grinder for 4 turns
  3705 | D:5      | Banished Grinder
  3791 | D:5      | Found Viniwne's Weapon Boutique.
  3898 | D:5      | Found a glowing golden altar of the Shining One.
  4140 | D:5      | Found an iron altar of Okawaru.
  4148 | D:5      | Became a worshipper of Warmaster Okawaru
  4195 | D:5      | Reached skill level 9 in Axes
  4195 | D:5      | Reached XP level 8. HP: 34/55 MP: 5/8
  4468 | D:5      | Found a deep blue altar of Sif Muna.
  4644 | D:6      | Found a blossoming altar of Fedhas.
  4654 | D:6      | Found a staircase to the Ecumenical Temple.
  4663 | D:6      | Noticed Menkaure
  4666 | D:6      | Banished Menkaure
  4707 | D:6      | Noticed Blork the orc
  4786 | D:6      | Found a shadowy altar of Dithmenos.
  4802 | D:6      | Noticed Edmund
  5005 | D:6      | Noticed Eustachio
  5019 | D:6      | Killed Eustachio
  5122 | D:6      | Noticed Sigmund
  5132 | D:6      | Killed Sigmund
  5132 | D:6      | Reached skill level 10 in Axes
  5516 | D:6      | Banished Edmund
  5564 | D:6      | Gained mutation: You are somewhat resistant to further mutation. [potion of mutation]
  5564 | D:6      | Gained mutation: You have sharp toenails. [potion of mutation]
  5695 | D:7      | Reached * piety under Okawaru
  5838 | D:7      | Reached skill level 1 in Armour
  5996 | D:7      | Reached XP level 9. HP: 34/63 MP: 6/9
  6652 | D:8      | Found Jahimmi's Book Shop.
  6711 | D:8      | Reached ** piety under Okawaru
  6749 | D:8      | Reached skill level 5 in Fighting
  7140 | D:9      | Found an ancient bone altar of Kikubaaqudgha.
  7360 | D:9      | Found a flagged portal.
  7369 | Bailey   | Entered a bailey
  7432 | Bailey   | Noticed an orc knight
  7675 | D:9      | Noticed a guardian serpent
  7800 | D:9      | Killed a guardian serpent
  8157 | D:10     | Entered Level 10 of the Dungeon
  8331 | D:10     | Noticed an elephant
  8364 | D:10     | Found a staircase to the Lair.
  8384 | D:10     | Found Ynameew's Assorted Antiques.
  8398 | D:10     | Killed an elephant
  8398 | D:10     | Reached *** piety under Okawaru
  8398 | D:10     | Reached XP level 10. HP: 46/79 MP: 5/10
  8891 | D:10     | Noticed Erolcha
  8925 | D:10     | Killed Erolcha
  8925 | D:10     | Reached **** piety under Okawaru
  8925 | D:10     | Reached skill level 5 in Armour
  9448 | Lair:1   | Entered Level 1 of the Lair of Beasts
  9874 | Lair:1   | Noticed a black mamba
  9878 | Lair:1   | Killed a black mamba
 10248 | Lair:2   | Reached ***** piety under Okawaru
 10302 | Lair:2   | Reached XP level 11. HP: 56/90 MP: 6/11
 10307 | Lair:2   | Noticed tp1's ghost (novice DECj)
 10313 | Lair:2   | Found a dark tunnel.
 10345 | Volcano  | Entered a volcano
 10486 | Volcano  | Reached skill level 10 in Fighting
 10717 | Lair:2   | Banished tp1's ghost
 11210 | Lair:3   | Noticed a four-headed hydra
 11820 | Lair:2   | Upgraded the game from 0.17-a0-2098-gf59d6bc to 0.17-a0-2101-g0c122e7
 11972 | Lair:3   | Reached skill level 11 in Fighting
 12819 | Lair:3   | Noticed a seven-headed hydra
 12909 | Lair:3   | Killed a seven-headed hydra
 13873 | Lair:4   | Found a staircase to the Swamp.
 13901 | Lair:4   | Reached skill level 12 in Fighting
 13953 | Lair:4   | Reached skill level 1 in Stealth
 13972 | Lair:4   | Reached XP level 12. HP: 70/102 MP: 12/12
 14045 | Lair:4   | Received a gift from Okawaru
 14068 | Lair:4   | Got a jewelled cloak {god gift}
 14074 | Lair:4   | Identified the +0 cloak of Kirirog {+Fly rC+ Int+4} (Okawaru gifted it to you on level 4 of the Lair of Beasts)
 14107 | Lair:4   | Reached skill level 5 in Stealth
 14187 | Lair:4   | Noticed Josephine
 14224 | Lair:4   | Banished Josephine
 15038 | Lair:5   | Reached skill level 10 in Stealth
 16137 | Lair:6   | Noticed Snorg
 16231 | Lair:6   | Found a staircase to the Slime Pits.
 16231 | Lair:6   | Found a viscous altar of Jiyva.
 16312 | Lair:6   | Found a staircase to the Snake Pit.
 16394 | Lair:6   | HP: 5/102 [poisoned by a black mamba]
 16400 | Lair:6   | HP: 3/102 [poisoned by a black mamba]
 16405 | Lair:6   | HP: 2/102 [poisoned by a black mamba]
 16412 | Lair:6   | HP: 2/102 [poisoned by a black mamba]
 16420 | Lair:6   | HP: 2/102 [poisoned by a black mamba]
 16799 | Lair:6   | Noticed a seven-headed hydra
 16833 | Lair:6   | Killed a seven-headed hydra
 16913 | Lair:6   | Reached skill level 13 in Stealth
 17839 | Lair:6   | Noticed Kirke
 18005 | Lair:6   | Noticed a six-headed hydra
 18129 | Lair:6   | Reached skill level 14 in Stealth
 18189 | Lair:6   | Reached skill level 15 in Stealth
 18837 | Lair:5   | Reached XP level 13. HP: 56/108 MP: 13/13
 19321 | Lair:5   | Reached skill level 16 in Stealth
 19928 | Lair:6   | Noticed an eight-headed hydra
 19939 | Lair:5   | Banished an eight-headed hydra
 19942 | Lair:6   | Banished a six-headed hydra
 20831 | D:11     | Found a staircase to the Orcish Mines.
 21466 | Orc:1    | Entered Level 1 of the Orcish Mines
 21581 | D:12     | Noticed Psyche
 21698 | D:12     | Found Ecaeck's Weapon Emporium.
 21737 | D:12     | Banished Psyche
 22064 | D:12     | Received a gift from Okawaru
 22466 | D:13     | Found a gate to the Vaults.
 22477 | D:13     | Slain by an enchanted long sword

Vault maps used:
D:1:      dpeg_arrival_boxes_within_box
D:2:      guppyfry_early_orc_mine
D:4:      old_standard_altar, lemuel_round_altar, enter_ossuary_5, first_bread,
          kennysheep_doodads, makhleb_altar_promises_db
D:5:      lemuel_coloured_pillars_altar, tso_metal_star,
          nicolae_overflow_crystal_walls, serial_shops, nicolae_shop_crystal,
          uniq_grinder
D:6:      kennysheep_mini_moat, minmay_temple_entry_from_below_a, basic_altar,
          grunt_decor_one_mirror, uniq_edmund, uniq_eustachio,
          uniq_blork_the_orc, uniq_menkaure, uniq_sigmund
D:8:      serial_shops, nicolae_shop_behind_doors, grunt_pizzeria,
          feat_on_display
D:9:      kiku_gazebo_pond_becter, enter_bailey_2,
          nrook_guardian_serpent_ordinary
D:10:     david_lair_generic, serial_shops, shop, uniq_erolcha
D:11:     david_orc_3
D:12:     serial_shops, nicolae_shop_trees, uniq_psyche
D:13:     erik_vaults_1, minmay_dual_archer_statues
Lair:1:   nicolae_quartered_pool_super, infiniplex_staircase_pool_2
Lair:2:   nicolae_volcano_entry_lava_flow
Lair:3:   grunt_forest_large_clearings
Lair:4:   minmay_swamp_entry_wisps, grunt_forest_stairs_basic, uniq_josephine
Lair:5:   minmay_stone_trees_medium, hangedman_lair_generics_rect
Lair:6:   dummy_snake_entry, slime_altar_1, minivault_11, beast_lair_carwin_7,
          grunt_megastairs_2, uniq_kirke, uniq_snorg
Ossuary:  ossuary_zaba_flooded
Bailey:   bailey_polearm_1, bailey
Volcano:  volcano_overflow

Action                   |  1- 3 |  4- 6 |  7- 9 | 10-12 | 13-15 || total
-------------------------+-------+-------+-------+-------+-------++-------
Melee: Whip              |    84 |   148 |   519 |  1265 |   449 ||  2465
       War axe           |     8 |       |       |       |       ||     8
Invok: Heroism           |       |       |       |    12 |     1 ||    13
 Abil: Stop Flying       |       |       |       |     1 |       ||     1
       Spit Poison       |       |       |       |     2 |       ||     2
       End Transformatio |       |       |       |     3 |       ||     3
       Bat Form          |       |       |       |     3 |       ||     3
Evoke: Wand              |       |       |       |     2 |       ||     2
  Use: Potion            |     6 |    13 |    17 |    52 |    17 ||   105
       Scroll            |       |     4 |    14 |     8 |     4 ||    30
 Stab: Sleeping          |     2 |     2 |     1 |    10 |    23 ||    38
       Distracted        |       |       |     1 |     2 |     3 ||     6
